 Dungeon Crawl Stone Soup version 0.25-a0-23-gdc1bd94 (webtiles) character file.

Game seed: 9964477508303586205, levelgen mode: deterministic

64 Lianjan the Changer (level 3, 0/28 HPs)
             Began as a Draconian Transmuter on Oct 16, 2019.
             Was an Initiate of Nemelex Xobeh.
             Slain by a worm (9 damage)
             ... on level 2 of the Dungeon.
             The game lasted 00:02:55 (1620 turns).

Lianjan the Changer (Draconian Transmuter)          Turns: 1620, Time: 00:02:56

Health: 0/28       AC:  5    Str: 12    XL:     3   Next: 91%
Magic:  6/6        EV: 12    Int: 14    God:    Nemelex Xobeh [......]
Gold:   72         SH:  0    Dex: 11    Spells: 3/6 levels left

rFire    . . .     SeeInvis .     - Unarmed
rCold    . . .     Gourm    .   (no shield)
rNeg     . . .     Faith    .   (armour unavailable)
rPois    +         Spirit   .   (helmet restricted)
rElec    .         Reflect  .   (no cloak)
rCorr    .         Harm     .   (no gloves)
MR       .....                  (no boots)
Stlth    +.........             (no amulet)
HPRegen  0.09/turn              i - ring of poison resistance (curse)
MPRegen  0.10/turn              (no ring)

@: appendage
A: unfitting armour, horns 2, cold-blooded, AC +5
a: End Transformation, Draw Escape, Draw Destruction, Draw Summoning, Renounce
Religion


You were on level 2 of the Dungeon.
You worshipped Nemelex Xobeh.
Nemelex Xobeh was noncommittal.
You were not hungry.
You had grown temporary horns.
You visited 1 branch of the dungeon, and saw 2 of its levels.

You collected 72 gold pieces.

Inventory:

Missiles
 a - 31 arrows
Jewellery
 i - a cursed ring of poison resistance (left hand)
Scrolls
 b - a scroll of random uselessness {unknown}
 d - a scroll of amnesia {unknown}
 f - 4 scrolls of identify {unknown}
 h - a scroll of magic mapping {unknown}
 j - a scroll of enchant weapon {unknown}
Potions
 e - a potion of flight {unknown}
 g - a potion of curing {unknown}
Comestibles
 c - 2 rations


   Skills:
 - Level 1.1 Fighting
 - Level 1.7 Dodging
 - Level 3.0 Unarmed Combat
 - Level 2.0 Spellcasting
 * Level 4.0 Transmutations
 + Level 1.2 Invocations


You had 3 spell levels left.
You knew the following spells:

 Your Spells              Type           Power        Failure   Level  Hunger
a - Beastly Appendage     Tmut           ##....       4%          1    ##.....
b - Sticks to Snakes      Tmut           ##......     7%          2    ###....

Your spell library contained the following spells:

 Spells                   Type           Power        Failure   Level  Hunger
 Spider Form              Tmut/Pois      #.........   30%         3    ####...
 Ice Form                 Ice/Tmut       #.......     71%         4    #####..
 Blade Hands              Tmut           ##........   77%         5    ######.


Dungeon Overview and Level Annotations

Branches:
Dungeon (2/15)

Altars:
Nemelex Xobeh


Innate Abilities, Weirdness & Mutations

Your plain brown scales are hard. (AC +5)
You cannot fit into any form of body armour.
You are cold-blooded and may be slowed by cold attacks.
You have a pair of horns on your head.


Message History

The worm is moderately wounded.
The worm bites you!
You hit the worm.
The worm is heavily wounded.
You hit the worm but do no damage. Your headbutt misses the worm.
The worm is heavily wounded.
The worm closely misses you.
You hit the worm. You headbutt the worm.
The worm is severely wounded.
You completely miss the worm. You tail-slap the worm.
The worm is almost dead.
The worm bites you!
You are too injured to fight recklessly!
You barely miss the worm.
The worm is almost dead.
You barely miss the worm. You punch the worm.
The worm is almost dead.
The worm bites you!
You die...
Your body disappears without a glow.

.##.....# #########.###
.##.....# ....#.# ### #.#
.##.....# #...... ..# #.#
.##.....# #$..#.# ####.# #.#
.....#.### #(..#.# #.##.# #.#
.###.#.###.##...#.###.##.# #.#
...............>....#.##.###.#
.###.#.###.#.....†###........#
#.#.........w@.....##.##### .
#.#####...............# .# #.#
#.....#########.# .###'###
#.###. #.# .##....# # # #.#
.#.....# #.. .#.....# #.#
.#.....## ... .÷......#


You could see a worm.

Vanquished Creatures
  2 adders (D:2)
  2 dart slugs (D:1)
  A leopard gecko (D:2)
  2 ball pythons
  5 giant cockroaches
  4 hobgoblins (D:1)
  A quokka (D:2)
  8 bats
  4 frilled lizards
  6 goblins (D:1)
  2 kobolds (D:2)
  2 rats (D:2)
39 creatures vanquished.

Notes
Turn   | Place    | Note
-------+----------+-------------------------------------------
     0 | D:1      | Lianjan the Draconian Transmuter began the quest for the
                  | Orb.
     0 | D:1      | Reached XP level 1. HP: 16/16 MP: 3/3
   231 | D:1      | Found a sparkling altar of Nemelex Xobeh.
   232 | D:1      | Reached XP level 2. HP: 19/23 MP: 5/5
   250 | D:1      | Learned a level 2 spell: Sticks to Snakes
   292 | D:1      | Reached skill level 3 in Transmutations
   501 | D:1      | Became a worshipper of Nemelex Xobeh the Trickster
   504 | D:1      | Received a gift from Nemelex Xobeh
   792 | D:1      | Reached XP level 3. HP: 22/28 MP: 4/6
  1196 | D:2      | Reached skill level 1 in Invocations
  1606 | D:2      | Reached skill level 4 in Transmutations
  1620 | D:2      | Slain by a worm

Levels and vault maps discovered:
D:1:      kilobyte_arrival_exit_the_forest, layout_basic,
          nemelex_xobeh_ov_fountains_minmay
D:2:      layout_basic, first_ration, minmay_domino_2

Skill      XL: |  1  2  3 |
---------------+----------+-----
Transmutations | 3 4 |  4.0
Invocations    | 1 |  1.2
Fighting       | |  1.1
Dodging        | |  1.7
Unarmed Combat | |  3.0
Spellcasting   | |  2.0

Action                   || total
-------------------------++-------
Melee: Unarmed           ||   123
       Tailslap          ||     9
       Kick              ||     9
       Headbutt          ||     8
       Punch             ||     2
 Cast: Beastly Appendage ||    20
  Eat: Chunk             ||     3
Armor: Skin              ||    48
Dodge: Dodged            ||    78

Table legend:
 A = Non-vault XP
 B = Vault XP
 C = Vault XP percentage of total XP
 D = Non-vault monster count
 E = Vault monster count
 F = Vault count percentage of total count
                 A         B        C        D         E       F
            +---------+---------+-------+---------+---------+-------
      Total |      78 |      14 |  15.2 |      37 |       2 |   5.1
            +---------+---------+-------+---------+---------+-------
        D:1 |      46 |       0 |   0.0 |      24 |       0 |   0.0
        D:2 |      32 |      14 |  30.4 |      13 |       2 |  13.3
            +---------+---------+-------+---------+---------+-------
